 Dungeon Crawl Stone Soup version 0.31.0-12-g77e489cdc1 (webtiles) character file.

Game seed: 11459177476981239294

275 lordive the Ruffian (level 6, 0/38 HPs)
             Began as an Octopode Shapeshifter on Feb 29, 2024.
             Slain by an ufetubus (4 damage)
             ... summoned by Eustachio
             ... on level 4 of the Dungeon.
             The game lasted 00:03:19 (2232 turns).

lordive the Ruffian (Octopode Shapeshifter)         Turns: 2232, Time: 00:03:21

Health: 0/38       AC:  1    Str: 13    XL:     6   Next: 24%
Magic:  6/6        EV: 13    Int: 14    God:
Gold:   130        SH:  0    Dex: 12    Spells: 5/5 levels left

rFire   . .          .
                       - Unarmed
rCold   . . .        (no shield)
rNeg    . . .        (helmet currently unavailable)
rPois   .            i - amulet of regeneration
rElec   .            (no ring)
rCorr   .            (no ring)
SInv    .            (no ring)
Will    .....        (no ring)
Stlth   ++           (no ring)
HPRegen 1.06/turn    (no ring)
MPRegen 0.10/turn    (no ring)
                     (no ring)

%: no passive effects
@: beast-form
A: beast (slay +2), almost no armour, amphibious, 8 rings, camouflage 1,
gelatinous body 1, (nimble swimmer 1), tentacles
a: Begin Untransformation


You were on level 4 of the Dungeon.
You were a hulking beast.
You visited 1 branch of the dungeon, and saw 4 of its levels.

You collected 130 gold pieces.

Inventory:

Jewellery
 i - an amulet of regeneration (around mantle)
Talismans
 b - a beast talisman
 c - a flux talisman
Wands
 t - a wand of quicksilver (8)
Scrolls
 d - a scroll of fog {unknown}
 e - 3 scrolls of identify {unknown}
 f - 3 scrolls of revelation {unknown}
 j - 2 scrolls of enchant armour {unknown}
 k - a scroll of teleportation {unknown}
 l - a scroll of poison {unknown}
 n - a scroll of summoning {unknown}
 p - a scroll of silence {unknown}
 q - a scroll of fear {unknown}
 r - a scroll of blinking {unknown}
 s - a scroll of brand weapon {unknown}
Potions
 a - 2 potions of lignification
 g - 3 potions of mutation {unknown}
 h - a potion of attraction {unknown}
 m - a potion of degeneration {unknown}
 o - a potion of cancellation {unknown}


   Skills:
 + Level 1.6 Fighting
 + Level 2.7 Dodging
 + Level 5.0 Unarmed Combat
 * Level 4.6 Shapeshifting


You had 5 spell levels left.
You didn't know any spells.
Your spell library contained the following spells:

 Spells                   Type           Power      Damage    Failure   Level
 Fugue of the Fallen      Necr           0%         N/A       65%         3
 Ozocubu's Armour         Ice            0%         N/A       65%         3
 Manifold Assault         Tloc           0%         N/A       96%         4


Dungeon Overview and Level Annotations

Branches:
Dungeon (4/15)
 Temple: D:4-7

Altars:
Kikubaaqudgha
Okawaru
Sif Muna

Annotations:
D:3 2 transporters, jimonade's ghost, weakling GnMo
D:4 Eustachio


Innate Abilities, Weirdness & Mutations

You are a hulking beast.
Your limbs bulge with bestial killing power. (Slay +2)
You cannot wear most types of armour.
You are amphibious.
You can wear up to eight rings at the same time.
Your skin changes colour to match your surroundings (Stealth+).
Your rubbery body absorbs attacks. (AC +1, EV +1)
((You are camouflaged when in or above water. (Stealth+)))
You have tentacles for arms and can constrict up to eight enemies at once.


Message History

The ufetubus slips past you! The ufetubus hits you.
The ufetubus hits you but does no damage.
An orc comes into view. It is wielding a +0 war axe.
Eustachio mumbles some strange words.
Eustachio blinks!
The ufetubus hits you. The ufetubus barely misses you.
The ufetubus barely misses you. x2
The ufetubus attacks as it pursues you! The ufetubus misses you.
The ufetubus closely misses you. The ball python closely misses you.
The ball python barely misses you. The ufetubus hits you.
The ufetubus misses you.
The crimson imp blinks!
The ufetubus attacks as it pursues you! The ufetubus hits you. x2
The ufetubus attacks as it pursues you! The ufetubus barely misses you.
The ufetubus hits you.
A howler monkey comes into view.
The ball python attacks as it pursues you!
The ball python bites you. The ball python misses you.
The ufetubus hits you. x2
The ball python attacks as it pursues you!
The ball python closely misses you. The ball python misses you.
The ball python closely misses you. The ball python barely misses you.
The ufetubus attacks as it pursues you! The ufetubus closely misses you.
The ufetubus barely misses you. The ufetubus hits you. x2
The crimson imp blinks!
The ufetubus attacks as it pursues you! The ufetubus barely misses you.
The ufetubus hits you. The ufetubus slips past you!
The ufetubus barely misses you. The ufetubus hits you.
* * * LOW HITPOINT WARNING * * *
You miss the ufetubus. Your grab misses the ufetubus. You squeeze the ufetubus.
The ufetubus is moderately wounded.
The ball python closely misses you. The ball python barely misses you.
The ufetubus closely misses you. The ufetubus hits you.
* * * LOW HITPOINT WARNING * * *
The ufetubus closely misses you. The ufetubus hits you.
* * * LOW HITPOINT WARNING * * *
The ball python attacks as it pursues you!
The ball python barely misses you. The ball python closely misses you.
Eustachio mumbles some strange words.
The ufetubus hits you.
You die...

.... .........#....# .....
......@......## ......
.........#..##
#..#..###........#.##
##.#....##..........##
#........#......5....#
[....................#
.##............gS...##
..[............5h....#
.....................## ###
......................###.##
......).................#..##
............................#
..........##...........###..#
<..........##........#.###.##
............##.....######..#
†..........####......#.#..##


You could see Eustachio, an iron imp (summoned), an ufetubus (summoned), a
hobgoblin and a ball python.

Vanquished Creatures
  An ogre (D:4)
  A phantom (D:3)
  A gnoll (D:1)
  2 adders
  2 ribbon worms (D:2)
  3 dart slugs
  6 orcs (D:3)
  5 bats
  6 endoplasms
  2 giant cockroaches
  4 goblins
  4 hobgoblins
  3 jackals (D:3)
  5 kobolds
  4 quokkas
  8 ball pythons
  5 frilled lizards
  5 rats
67 creatures vanquished.

Notes
Turn   | Place    | Note
-------+----------+-------------------------------------------
     0 | D:1      | lordive the Octopode Shapeshifter began the quest for the
                  | Orb.
     0 | D:1      | Reached XP level 1. HP: 13/13 MP: 1/1
    76 | D:1      | Reached XP level 2. HP: 13/18 MP: 2/2
   198 | D:1      | Reached XP level 3. HP: 22/23 MP: 3/3
   935 | D:2      | Reached XP level 4. HP: 28/28 MP: 4/4
  1197 | D:3      | Found an ancient bone altar of Kikubaaqudgha.
  1377 | D:3      | Found a transporter.
  1381 | D:3      | Noticed jimonade's ghost (weakling GnMo)
  1383 | D:3      | Noticed a phantom
  1457 | D:3      | Noticed a phantom
  1476 | D:3      | Killed a phantom
  1477 | D:3      | Reached skill level 4 in Unarmed Combat
  1477 | D:3      | Reached XP level 5. HP: 17/33 MP: 5/5
  1537 | D:3      | Found an iron altar of Okawaru.
  1619 | D:3      | Found a transporter.
  1637 | D:3      | Found a shimmering blue altar of Sif Muna.
  2147 | D:4      | Noticed an ogre
  2153 | D:4      | Killed an ogre
  2154 | D:4      | Reached XP level 6. HP: 11/38 MP: 6/6
  2161 | D:4      | Reached skill level 5 in Unarmed Combat
  2218 | D:4      | Noticed Eustachio
  2232 | D:4      | Slain by an ufetubus

Illustrated notes

Levels and vault maps discovered:
D:1:      tarquinn_simple_flora_water_b, layout_rooms, minmay_misc_feat_columns,
          minmay_parallelograms
D:2:      layout_loops_ring
D:3:      minmay_octagon_keep, layout_basic,
          mainiacjoe_overflow_small_starburst, lemuel_tele_altar,
          mainiacjoe_overflow_paths, gammafunk_ghost_arena, dk_noncrumbling_4
D:4:      layout_cave_pools, uniq_eustachio

Skill      XL: |  1  2  3  4  5  6 |
---------------+-------------------+-----
Shapeshifting  | 4 |  4.6
Unarmed Combat | 4 5 |  5.0
Fighting       | |  1.6
Dodging        | |  2.7

Action                     |  1- 3 |  4- 6 || total
---------------------------+-------+-------++-------
  Melee: Unarmed           |    63 |    86 ||   149
         Constrict         |    16 |    18 ||    34
         Punch             |     1 |     2 ||     3
         Tentacles         |     8 |    11 ||    19
   Stab: Sleeping          |     9 |     2 ||    11
 Armour: Skin              |    23 |    53 ||    76
  Dodge: Dodged            |    22 |    68 ||    90
